 Dungeon Crawl Stone Soup version 0.17.1-2-g5865329 (webtiles) character file.

127 seren the Conjurer (level 4, -2/33 HPs)
             Began as a Draconian Conjurer on Feb 4, 2016.
             Slain by a worker ant (4 damage)
             ... on level 3 of the Dungeon on Feb 5, 2016.
             The game lasted 00:27:18 (4877 turns).

seren the Conjurer (Draconian Conjurer)             Turns: 4877, Time: 00:27:19

Health: -2/33      AC:  5    Str: 10    XL:     4   Next: 85%
Magic:  1/7        EV: 12    Int: 16    God:
Gold:   206        SH:  0    Dex: 12    Spells: 2 memorised, 4 levels left

rFire  . . .     SeeInvis .     o - +0 whip
rCold  . . .     Clarity  .     (armour unavailable)
rNeg   + . .     SustAt   .     (no shield)
rPois  .         Gourm    .     (helmet restricted)
rElec  .         Spirit   .     (no cloak)
rCorr  .         Warding  .     (no gloves)
rMut   .         Stasis   .     (no boots)
MR     .....                    (no amulet)
Stlth  ++........               (no ring)
                                j - ring of positive energy

@: lethally poisoned (-2 -> -20), very slightly contaminated, not resistant to
hostile enchantments, unstealthy
A: unfitting armour, cold-blooded, AC +5
a: no special abilities


You were on level 3 of the Dungeon.
You were not hungry.

You visited 1 branch of the dungeon, and saw 4 of its levels.

You collected 206 gold pieces.

Inventory:

Hand Weapons
 o - a +0 whip (weapon)
Missiles
 d - 262 stones (quivered)
Armour
 g - a +0 buckler
Jewellery
 j - a ring of positive energy (left hand)
 n - an uncursed amulet of guardian spirit
Scrolls
 c - 2 scrolls of immolation
 h - 5 scrolls of identify
 i - a scroll of magic mapping {unknown}
 l - a scroll of remove curse {unknown}
 m - a scroll of teleportation
 q - a scroll of recharging {unknown}
Potions
 e - a potion of agility {unknown}
 k - a potion of haste {unknown}
Books
 a - a book of Conjurations

   Spells                             Type                      Level
   a - Magic Dart                     Conjuration                  1
   b - Searing Ray                    Conjuration                  2
   c - Dazzling Spray                 Conjuration/Hexes            3
   d - Fulminant Prism                Conjuration/Hexes            4
   e - Iskenderun's Mystic Blast      Conjuration                  4
   f - Iskenderun's Battlesphere      Conjuration/Charms           5
Comestibles
 b - 3 bread rations
 f - 2 meat rations
 p - 3 chunks of flesh
 r - a slice of pizza


   Skills:
 - Level 1.7 Dodging
 - Level 1.7 Stealth
 - Level 2.4 Spellcasting
 * Level 6.0 Conjurations


You had 4 spell levels left.
You knew the following spells:

 Your Spells              Type           Power        Failure   Level  Hunger
a - Magic Dart            Conj           ###.         1%          1    #......
b - Searing Ray           Conj           ###...       2%          2    ###....


Dungeon Overview and Level Annotations

Branches:
Dungeon (4/15)
 Temple: D:4-7

Altars:
Xom

Annotations:
D:2 Ijyb, Terence


Innate Abilities, Weirdness & Mutations

Your plain brown scales are hard (AC +5).
Your body does not fit into most forms of armour.
You are cold-blooded and may be slowed by cold attacks.


Message History

The worker ant is almost dead.
The worker ant bites you.
You barely miss the worker ant.
The worker ant is almost dead.
You feel sick. The worker ant bites you.
You are lethally poisoned!
The worker ant poisons you! The worker ant bites you.
* * * LOW HITPOINT WARNING * * *
You are more poisoned.
The worker ant poisons you!
You hit the worker ant.
The worker ant is almost dead.
* * * LOW HITPOINT WARNING * * *
You feel sick.
The worker ant bites you but does no damage.
You barely miss the worker ant.
The worker ant is almost dead.
* * * LOW HITPOINT WARNING * * *
You feel sick. The worker ant bites you.
You die...

##### ### ..#.# #.#
....# ##############.#
..#.# #...)..#.......#
###.# #.####.#.#####.#
#.# #.# #.#.# #.#
#.###.# #.#.# #.#
###.....####.#.#####.#
...............a@....#
.#########.###.####..#
.# #.# #.# #..# .# #.#
#.# #..# .# #.#
#.####..# .### #.#
#.......# ...#
#.#########.#
.#.#######.......# #.#
<#.#.......#####.# #.#


You could see a worker ant.

Vanquished Creatures
  A hound (D:4)
  5 adders
  A giant gecko (D:1)
  A ball python (D:1)
  2 giant cockroaches
  6 hobgoblins
  11 kobolds
  A quokka (D:1)
  7 bats
  3 giant newts
  9 goblins
  6 rats
  A fungus (D:1)
54 creatures vanquished.

Vanquished Creatures (others)
  2 fungi (D:1)
2 creatures vanquished.

Grand Total: 56 creatures vanquished

Notes
Turn   | Place    | Note
--------------------------------------------------------------
     0 | D:1      | seren the Draconian Conjurer began the quest for the Orb.
     0 | D:1      | Reached XP level 1. HP: 14/14 MP: 3/3
    95 | D:2      | Noticed Ijyb
   614 | D:1      | Reached XP level 2. HP: 20/20 MP: 0/5
   975 | D:1      | Learned a level 2 spell: Searing Ray
  1873 | D:2      | Noticed Terence
  2189 | D:1      | Reached XP level 3. HP: 26/26 MP: 4/6
  3161 | D:2      | Reached skill level 5 in Conjurations
  3268 | D:2      | Found a shimmering altar of Xom.
  3660 | D:3      | Reached XP level 4. HP: 27/33 MP: 3/7
  4765 | D:3      | You fall through a shaft!
  4777 | D:4      | Reached skill level 6 in Conjurations
  4877 | D:3      | Slain by a worker ant

Action                   |  1- 3 |  4- 6 || total
-------------------------+-------+-------++-------
Melee: Dagger            |    63 |       ||    63
       Unarmed           |     4 |       ||     4
       Club              |     9 |       ||     9
       Whip              |     7 |    21 ||    28
 Cast: Magic Dart        |    88 |    26 ||   114
  Use: Scroll            |     3 |     1 ||     4
  Eat: Chunk             |     5 |     4 ||     9
       Bread ration      |     1 |       ||     1
